 Dungeon Crawl Stone Soup version 0.29.0-7-g18a832c13a (webtiles) character file.

Game seed: 4110504207891897482

228 DaveKP the Gusty (level 5, -4/40 HPs)
             Began as a Demigod Air Elementalist on Aug 31, 2022.
             Killed by an exploding Dowan (39 damage)
             ... ignited by their inner flame
             ... on level 4 of the Dungeon.
             The game lasted 00:21:04 (3717 turns).

DaveKP the Gusty (Demigod Air Elementalist)         Turns: 3717, Time: 00:21:04

Health: -4/40      AC:  6    Str: 13    XL:     5   Next: 42%
Magic:  3/12       EV: 12    Int: 17    God:
Gold:   227        SH:  0    Dex: 14    Spells: 7/10 levels left

rFire   . . .      SeeInvis .   (no weapon)
rCold   . . .      Faith    .   (no shield)
rNeg    . . .      Spirit   .   n - +0 leather armour
rPois   .          Reflect  .   h - +1 helmet
rElec   .          Harm     .   (no cloak)
rCorr   .          Rampage  .   l - +0 pair of gloves
Will    .....                   (no boots)
Stlth   ++........              c - amulet of regeneration
HPRegen 0.93/turn               (no ring)
MPRegen 0.13/turn               (no ring)

@: no status effects
A: high MP 1, forlorn, divine attributes
a: no special abilities


You were on level 4 of the Dungeon.
You visited 1 branch of the dungeon, and saw 4 of its levels.

You collected 227 gold pieces.

Inventory:

Armour
 h - a +1 helmet (worn)
 l - a +0 pair of gloves (worn)
 n - a +0 leather armour (worn)
Jewellery
 c - an amulet of regeneration (around neck)
Scrolls
 d - a scroll of fog
 e - 2 scrolls of enchant armour
 k - a scroll of summoning {unknown}
 s - a scroll of teleportation {unknown}
 u - a scroll of amnesia {unknown}
Potions
 b - a potion of degeneration {unknown}
 f - 3 potions of curing
 i - 2 potions of resistance
 j - a potion of attraction {unknown}
 o - a potion of brilliance {unknown}
 p - a potion of heal wounds {unknown}
 r - a potion of cancellation {unknown}


   Skills:
 - Level 1.0 Fighting
 - Level 0.5 Armour
 - Level 2.1 Dodging
 - Level 2.3 Stealth
 * Level 3.0 Spellcasting
 * Level 2.3 Conjurations
 * Level 3.8 Air Magic


You had 7 spell levels left.
You knew the following spells:

 Your Spells              Type           Power      Damage    Failure   Level
a - Shock                 Conj/Air       52%        1d6       6%          1
b - Static Discharge      Conj/Air       13%        3-5/arc   10%         2

Your spell library contained the following spells:

 Spells                   Type           Power      Damage    Failure   Level
 Swiftness                Air            15%        N/A       14%         3
 Airstrike                Air            7%         2d(2-18)  41%         4


Dungeon Overview and Level Annotations

Branches:
Dungeon (4/15)
 Temple: D:4-7

Shops:
D:1 :

Annotations:
D:3 Grinder


Innate Abilities, Weirdness & Mutations

You have an increased reservoir of magic. (+10% MP)
You shall have no god before yourself.
Your divine heritage dramatically boosts your attributes as you level up.


Message History

Duvessa says, "My weaknesses are his strengths!"
As you read the scroll labelled MASEUC QUORI, it crumbles to dust.
The creatures around you are filled with an inner flame!
It was a scroll of immolation.
Aiming: Shock (safe; 9% risk of failure)
Press: ? - help, Q - select action, (/) - cycle Shift-Dir - straight line, f - endoplasm, p - Dowan
Aim: an endoplasm (inner flame, 97% to hit)
The zap hits the endoplasm.
Flame seeps out of the endoplasm.
The endoplasm is severely wounded.
The endoplasm is engulfed in blazing flames.
The endoplasm explodes!
Dowan screams, "No!
Oh no!"
Dowan seems to find hidden reserves of power!
You feel a bit more experienced.
You hear an explosion!
You hear a shout! x3; You hear an angry hiss.
You hear a shout!
Your Spellcasting skill increases to level 3!
Your Conjurations skill increases to level 2!
You have reached level 5!
Aiming: Shock (safe; 6% risk of failure)
Press: ? - help, Q - select action, (/) - cycle Shift-Dir - straight line, f - Dowan
Aim: Dowan, wielding a +0 dagger and wearing a +0 robe (lightly wounded, fast, inner flame, 56% to hit)
The zap misses Dowan.
Casting: Shock (safe; 6% risk of failure)
Confirm with . or Enter, or press ? or * to list all spells.
Dowan is struck by an arc of lightning!
Flame seeps out of Dowan.
Dowan is moderately wounded.
You are struck by an arc of lightning.
The lightning grounds out.
Dowan is engulfed in blazing flames.
Flame seeps out of Dowan.
Dowan hits you with a +0 dagger.
Casting: Static Discharge (safe; 10% risk of failure)
Confirm with . or Enter, or press ? or * to list all spells.
Dowan is struck by an arc of lightning!
Flame seeps out of Dowan.
Dowan is severely wounded.
You are struck by an arc of lightning.
Dowan is struck by an arc of lightning!
The lightning grounds out.
Dowan explodes!
The fiery explosion engulfs you!!!
Ouch! That really hurt!
You die...

...$. ..##...
#.... ...#.. #
#....##.... ..
.##........##.##
................
................
........<.......
...##..........
#@§....##.#
#○§.......
.....$§§§....##.#
............... #
......####...##.
...#.. ..... J#
#.. ##..# ## ..#
..


There were no monsters in sight!

Vanquished Creatures
  Duvessa (D:4)
  Dowan (D:4)
  Terence (D:3)
  2 adders
  A worm (D:3)
  A dart slug (D:2)
  4 orcs (D:3)
  8 endoplasms
  3 giant cockroaches
  9 goblins
  6 hobgoblins
  6 jackals
  4 quokkas
  6 ball pythons
  8 bats
  A frilled lizard (D:1)
  6 kobolds
  3 rats
71 creatures vanquished.

Notes
Turn   | Place    | Note
-------+----------+-------------------------------------------
     0 | D:1      | DaveKP the Demigod Air Elementalist began the quest for the
                  | Orb.
     0 | D:1      | Reached XP level 1. HP: 14/14 MP: 5/5
    65 | D:1      | Reached skill level 1 in Conjurations
   214 | D:1      | Reached XP level 2. HP: 20/20 MP: 2/7
   518 | D:1      | Learned a level 2 spell: Static Discharge
   716 | D:1      | Found Fihuwub's Book Boutique.
  1271 | D:2      | Reached XP level 3. HP: 27/27 MP: 5/8
  2360 | D:2      | You fall into a shaft and drop 1 floor!
  2439 | D:3      | Noticed Terence
  2446 | D:3      | Killed Terence
  2447 | D:3      | Reached skill level 1 in Fighting
  2447 | D:3      | Reached XP level 4. HP: 32/35 MP: 7/10
  3388 | D:3      | Noticed Grinder
  3394 | D:3      | Paralysed by Grinder for 5 turns
  3697 | D:4      | Noticed Duvessa
  3697 | D:4      | Noticed Dowan
  3713 | D:4      | Killed Duvessa
  3714 | D:4      | Reached XP level 5. HP: 40/40 MP: 8/12
  3717 | D:4      | Killed Dowan
  3717 | D:4      | Killed by an exploding Dowan... ignited by their inner
                  | flame

Illustrated notes

Levels and vault maps discovered:
D:1:      lightli_iron_boxes, layout_loops_ring,
          hellmonk_ecumenical_altar_pennies_from_heaven, serial_shops, shop
D:2:      minmay_razor_zed, layout_rooms, serial_glass, glass_columns_b,
          glass_columns_a, minmay_misc_feat_ornament, serial_park_tiny_pond,
          minmay_misc_feat_doors, minmay_tetromino_t2
D:3:      layout_basic, mainiacjoe_overflow_alcove_3, zin_statuary,
          uniq_terence, uniq_grinder
D:4:      layout_cave_pools, minmay_temple_entry_ruins, st_stairs_1,
          uniq_duvessa

Skill      XL: |  1  2  3  4 |
---------------+-------------+-----
Conjurations   | 1 2 |  2.3
Spellcasting   | 2 3 |  3.0
Stealth        | 2 |  2.3
Air Magic      | 3 |  3.8
Dodging        | 2 |  2.1
Fighting       | 1 |  1.0
Armour         | |  0.5

Action                   |  1- 3 |  4- 6 || total
-------------------------+-------+-------++-------
Melee: Unarmed           |    14 |     2 ||    16
 Cast: Shock             |    94 |    39 ||   133
       Static Discharge  |     9 |    10 ||    19
  Use: Scroll            |     2 |     5 ||     7
       Potion            |     1 |       ||     1
Armor: Robe              |     5 |       ||     5
       Leather armour    |     2 |     6 ||     8
Dodge: Dodged            |    21 |     6 ||    27
